 Dungeon Crawl Stone Soup version 0.21.1-1-g345015fe64 (webtiles) character file.

348466 imnir the Slayer (level 21, -4/222 HPs)
             Began as a Minotaur Berserker on July 22, 2018.
             Was a Priest of Trog.
             Splashed by an acid blob's acid (7 damage)
             ... created by the Royal Jelly
             ... on level 4 of the Pits of Slime on July 23, 2018.
             The game lasted 04:38:38 (55554 turns).

imnir the Slayer (Minotaur Berserker)              Turns: 55554, Time: 04:38:39

Health: -4/222     AC: 24    Str: 33    XL:     21   Next: 23%
Magic:  15/15      EV: 18    Int:  4    God:    Trog [***...]
Gold:   889        SH: 20    Dex: 11    Spells: 20/20 levels left

rFire    + . .     SeeInvis .   U - +8 flail of the Salmon {elec, MR++}
rCold    + + +     Gourm    +   H - +5 shield
rNeg     . . .     Faith    .   P - +9 scales of the Dragon King {rPois rF+ rC+ MR+}
rPois    +         Spirit   .   (helmet unavailable)
rElec    +         Reflect  .   C - +1 cloak of Starlight {rElec rC+ EV+4 Stlth--}
rCorr    +         Harm     .   z - +0 pair of gloves of Qazezin {rElec rC+ Str+3}
MR       ++++.                  G - +0 pair of boots
Stlth    ..........             p - amulet of the gourmand
HPRegen  0.00/turn              s - ring of resist corrosion
MPRegen  0.14/turn              N - ring of resist corrosion

@: mighty, corroded, berserk cooldown, very slightly contaminated,
non-regenerating, badly diseased, hasted and slowed
A: retaliatory headbutt, horns 3, blurry vision 1, clumsy 2, deterioration 2,
low mp 2, screaming 1, weak 1
}: 2/15 runes: decaying, gossamer
a: Berserk, Trog's Hand, Burn Spellbooks, Renounce Religion


You were on level 4 of the Pits of Slime.
You worshipped Trog.
Trog was most pleased with you.
You were not hungry.

You visited 7 branches of the dungeon, and saw 39 of its levels.
You also visited: Sewer, Ossuary, Bailey, Ice Cave and Wizlab.

You collected 4885 gold pieces.
You spent 3996 gold pieces at shops.

Inventory:

Hand Weapons
 v - the +11 whip of Xeukiako {elec, rN+}
   (You found it on level 4 of the Dungeon)

   Occasionally, upon striking a foe, it will discharge some electrical energy
   and cause terrible harm.
   It protects you from negative energy.
 U - the +8 flail of the Salmon (weapon) {elec, MR++}
   (Trog gifted it to you on level 15 of the Dungeon)

   Occasionally, upon striking a foe, it will discharge some electrical energy
   and cause terrible harm.
   It affects your resistance to hostile enchantments.
Armour
 o - a +2 hat of see invisible
 z - the +0 pair of gloves of Qazezin (worn) {rElec rC+ Str+3}
   (You took it off Nikola on level 4 of the Swamp)

   It affects your strength (+3).
   It protects you from cold.
   It insulates you from electricity.
 C - the +1 cloak of Starlight (worn) {rElec rC+ EV+4 Stlth--}
   (You found it in a wizard's laboratory)

   It affects your evasion (+4).
   It protects you from cold.
   It insulates you from electricity.
   It makes you much less stealthy.
 G - a +0 pair of boots (worn)
 H - a +5 shield (worn)
 K - +1 acid dragon scales
 P - the +9 scales of the Dragon King (worn) {rPois rF+ rC+ MR+}
   (You found it on level 3 of the Elven Halls)

   It protects you from fire.
   It protects you from cold.
   It protects you from poison.
   It affects your resistance to hostile enchantments.
Jewellery
 a - an uncursed ring of positive energy
 d - an uncursed ring of protection from fire
 p - an amulet of the gourmand (around neck)
 s - a ring of resist corrosion (left hand)
 w - an uncursed ring of protection from cold
 y - an uncursed ring of flight
 A - an uncursed ring of positive energy
 F - a +3 ring of evasion
 I - a +4 ring of intelligence
 J - a +5 ring of evasion
 N - a ring of resist corrosion (right hand)
 Q - the ring of Insomnia {rF+ rC+ SInv}
   (You took it off a deep elf death mage on level 3 of the Elven Halls)

   [ring of protection from cold]

   It protects you from fire.
   It protects you from cold.
   It lets you see invisible.
Wands
 q - a wand of clouds (6)
 L - a wand of paralysis (31)
Scrolls
 e - 3 scrolls of enchant weapon
 h - 31 scrolls of remove curse
 i - 2 scrolls of summoning
 j - 20 scrolls of teleportation
 l - 4 scrolls of identify
 n - 5 scrolls of blinking
 t - 5 scrolls of fear
 D - a scroll of magic mapping
Potions
 b - 4 potions of haste
 f - 20 potions of curing
 g - a potion of ambrosia
 k - a potion of might
 m - a potion of heal wounds
 r - a potion of cancellation
 x - 3 potions of agility
 B - a potion of invisibility
 E - a potion of flight
Miscellaneous
 u - a phial of floods
 M - 2 phantom mirrors
 V - a lamp of fire
Comestibles
 c - 44 rations


   Skills:
 + Level 26.3 Fighting
 - Level 16.2 Maces & Flails
 + Level 3.0 Throwing
 + Level 22.4 Armour
 * Level 13.8 Dodging
 - Level 15.0 Shields


You had 20 spell levels left.
You didn't know any spells.

Dungeon Overview and Level Annotations

Branches:
Dungeon (15/15)            Temple (0/1) D:6            Lair (6/6) D:8
  Swamp (4/4) Lair:4       Spider (4/4) Lair:3        Slime (5/5) Lair:6
    Orc (2/2) D:10            Elf (3/3) Orc:2        Vaults (0/5) D:14
 Depths (0/5) D:15

Altars:
Cheibriados
Kikubaaqudgha
Makhleb
Qazlal
Ru
Vehumet
Xom
Yredelemnul
Beogh

Shops:
D:10 [}=(   D:11 (   D:13 [[}[   Orc:2 [}!?   Elf:1 =}=[*!=

Annotations:
D:11 exclusions: oklob plant and oklob sapling


Innate Abilities, Weirdness & Mutations

You reflexively headbutt those who attack you in melee.
You have a pair of large horns on your head.
Scrolls take you a little longer to read.
You are very clumsy. (Dex -4)
Your body often deteriorates upon taking damage.
Your magical capacity is very low. (-20% MP)
You occasionally shout uncontrollably at your foes.
You are weak. (Str -2)


Message History

You block the death ooze's attack.
You feel much better.
The death ooze hits you but does no damage. x2
The death ooze hits you!
* * * LOW HITPOINT WARNING * * *
You block the death ooze's attack. The death ooze hits you!
* * * LOW HITPOINT WARNING * * *
You block the death ooze's attack. You block the acid blob's attack.
The death ooze hits you but does no damage.
The death ooze hits you!
* * * LOW HITPOINT WARNING * * *
Unknown command.
You block the death ooze's attack.
The death ooze hits you but does no damage.
You block the death ooze's attack. The death ooze hits you!
* * * LOW HITPOINT WARNING * * *
The acid blob spits acid at you. The splash of acid hits you!
You are splashed with acid!
The acid burns!
You resist.
You die...

.## ##...#.......#....##
..###...#..............##
.###....................##
...##....................##
...................#......####
....#..........J.........##..##
#..##...................#.....#
#.###...#.....JJJ............#
...###.###.....J@.......#..###
#..######......J............#
....### ##.....>.........#.##
....#.###................###
.#.....#............#......####
..........#.........##......#.##
..........#....................#
...............................#
..............#.....#....#....##


You could see an acid blob, an azure jelly and 4 death oozes.

Vanquished Creatures
  the Royal Jelly (Slime:5)
  Mara (Swamp:3)
  Bai Suzhen (Spider:3)
  Nikola (Swamp:4)
  Arachne (Spider:2)
  Rupert (D:12)
  3 deep elf blademasters
  2 deep elf master archers (Elf:3)
  An eldritch tentacle (WizLab)
  3 tentacled starspawn (WizLab)
  40 acid blobs
  The ghost of Torako the Peltast, an adept GrMo of the Shining One (Spider:2)
  Kirke (Spider:2)
  Agnes (Spider:2)
  2 thorn hunters
  21 azure jellies
  Roxanne (Elf:2)
  A frost giant (IceCv)
  3 deep elf sorcerers (Elf:3)
  6 ghost moths
  An emperor scorpion (Spider:4)
  6 deep elf elementalists (Elf:3)
  2 very ugly things
  A stone giant (Orc:2)
  The ghost of lis82 the Eclecticist, a journeyman DgWz (D:15)
  8 entropy weavers
  5 deep elf annihilators
  Azrael (Spider:2)
  10 deep elf demonologists
  5 spark wasps
  The ghost of lis82 the Thaumaturge, a journeyman DgWz (D:13)
  10 deep elf death magi
  A blizzard demon (WizLab)
  A fire dragon (Lair:6)
  3 deep elf high priests
  7 great orbs of eyes
  13 death oozes
  Fannar (Orc:1)
  15 hydras
  An ice dragon (Lair:6)
  Harold (Lair:1)
  A ghost crab (Swamp:3)
  A vault guard (D:14)
  4 centaur warriors
  3 alligators
  7 two-headed ogres
  2 tengu warriors
  Erica (D:8)
  3 ogre magi
  3 death yaks
  Nergalle (D:10)
  23 dancing weapons
  A thrashing horror (WizLab)
  24 deep elf knights
  Sonja (Lair:3)
  A soul eater (WizLab)
  2 hell knights (WizLab)
  2 shambling mangroves
  3 wizards (D:15)
  2 unseen horrors
  2 spriggan druids
  11 swamp dragons
  Pikel (D:6)
  21 deep elf archers
  2 lindwurms (Lair:6)
  A necromancer (D:15)
  An obsidian statue (WizLab)
  An orc knight (Bailey)
  64 deep elf magi
  23 orb spiders
  10 orc sorcerers
  2 wolf spider zombies (D:15)
  A mana viper (WizLab)
  5 shining eyes
  10 ugly things
  2 manticores
  2 cyclopes (D:15)
  An oklob plant (Lair:5)
  A cyclops (shapeshifter) (D:15)
  A human skeleton (WizLab)
  3 moths of wrath
  19 wolf spiders
  Maurice (D:12)
  A worldbinder (WizLab)
  6 elephants (Lair:6)
  The ghost of Starbugs the Fighter, a novice DrFi of Makhleb (D:5)
  2 black mambas
  7 torpor snails
  A gargoyle (D:14)
  A stone giant skeleton (WizLab)
  An orange demon (WizLab)
  14 spiny frogs
  An ice statue (IceCv)
  A demonspawn skeleton (WizLab)
  3 eyes of devastation
  An elf skeleton (WizLab)
  4 rime drakes
  4 centaur skeletons
  13 demonic crawlers
  A kobold demonologist (D:15)
  9 komodo dragons
  A hellwing (WizLab)
  An ancient zyme (WizLab)
  A small abomination (Elf:3)
  2 tengu conjurers
  17 polar bears
  26 jumping spiders
  10 tyrant leeches
  3 trolls
  21 blink frogs
  Prince Ribbit (Lair:3)
  8 hippogriffs
  89 slime creatures
  11 bog bodies
  18 hornets
  84 redbacks
  8 spriggans
  48 tarantellas
  9 air elementals
  4 wyverns
  A wraith (D:13)
  Eustachio (D:4)
  A basilisk (shapeshifter) (Elf:2)
  59 yaks
  The ghost of Bergy the Shield-Bearer, an amateur MiFi (D:4)
  A large abomination (WizLab)
  5 water elementals
  4 basilisks
  5 golden eyes
  A chaos spawn (WizLab)
  8 fire elementals
  3 steam dragons (Lair:6)
  4 hungry ghosts
  4 spatial vortices (WizLab)
  15 vampire mosquitoes
  15 insubstantial wisps
  7 water moccasins
  Edmund (D:5)
  An acid dragon (D:14)
  16 swamp worms
  4 hell hounds
  Duvessa (D:4)
  7 porcupines
  8 orc warriors
  A black bear (shapeshifter) (Elf:2)
  13 swamp drakes
  A slave (D:6)
  9 eyes of draining
  12 ice beasts
  A sky beast (D:6)
  4 black bears
  10 ogres
  4 boggarts (WizLab)
  7 starcursed masses (WizLab)
  22 wolves
  14 crocodiles
  6 big kobolds
  22 centaurs
  5 elf zombies (Ossuary)
  Blork the orc (D:6)
  14 bullfrogs
  4 earth elementals
  Dowan (D:4)
  A wyvern skeleton (D:10)
  4 scorpions
  32 wights
  2 howler monkeys (D:12)
  3 vampire bats (Orc:2)
  10 centaur zombies
  18 electric eels
  12 crimson imps
  A bullfrog zombie (D:9)
  A quasit (D:10)
  3 bullfrog skeletons
  7 hounds
  3 human zombies (Ossuary)
  3 jellies
  8 orc priests
  28 orc wizards
  Crazy Yiuf (D:6)
  7 iguanas
  13 worker ants
  A hound zombie (D:6)
  4 mummies
  2 hound skeletons
  19 adders
  7 gnolls
  A howler monkey skeleton (D:5)
  A river rat (D:5)
  2 shadow imps
  2 oozes
  2 adder skeletons (D:9)
  5 worms
  3 dart slugs
  2 leopard geckos
  45 orcs
  9 ball pythons
  19 bats
  11 giant cockroaches
  2 gnoll zombies (D:9)
  16 goblins
  12 hobgoblins
  54 kobolds
  10 quokkas
  11 frilled lizards
  A giant cockroach zombie (D:6)
  A quokka skeleton (D:6)
  11 rats
  2 briar patches (Swamp:1)
  2 bushes (Lair:5)
  4 crawling corpses (Elf:3)
  A fungus (Lair:6)
  9 plants
1641 creatures vanquished.

Vanquished Creatures (collateral kills)
  Asterion (Lair:3)
  An acid blob (Slime:4)
  2 azure jellies (Slime:4)
  3 death oozes (Slime:5)
7 creatures vanquished.

Vanquished Creatures (others)
  2 dancing weapons (Elf:2)
  A deep elf knight (Elf:2)
  A deep elf mage (Elf:2)
  An orb spider (Spider:4)
  A polar bear (IceCv)
  A tarantella (Spider:4)
  A swamp drake (Swamp:4)
  2 electric eels (Elf:3)
  An orc (Orc:2)
  3 briar patches
  11 fungi
  A lurking horror (WizLab)
  4 plants
  6 starspawn tentacles (WizLab)
36 creatures vanquished.

Grand Total: 1684 creatures vanquished

Notes
Turn   | Place    | Note
-------+----------+-------------------------------------------
     0 | D:1      | imnir the Minotaur Berserker began the quest for the Orb.
     0 | D:1      | Reached XP level 1. HP: 19/19 MP: 0/0
   145 | D:1      | Reached XP level 2. HP: 21/27 MP: 1/1
   172 | D:1      | Reached skill level 4 in Fighting
   653 | D:1      | Reached XP level 3. HP: 33/33 MP: 2/2
   844 | D:1      | You fall through a shaft!
   912 | D:2      | Reached ** piety under Trog
  1053 | D:2      | Reached XP level 4. HP: 33/41 MP: 3/3
  1227 | D:2      | Reached skill level 5 in Maces & Flails
  1449 | D:3      | Reached skill level 5 in Fighting
  1449 | D:3      | Reached XP level 5. HP: 39/48 MP: 4/4
  1516 | D:3      | Reached *** piety under Trog
  1563 | D:3      | Found a snail-covered altar of Cheibriados.
  2265 | D:4      | Noticed Eustachio
  2314 | D:4      | Killed Eustachio
  2314 | D:4      | Reached XP level 6. HP: 56/56 MP: 5/5
  2332 | D:4      | Found a sand-covered staircase.
  2338 | Ossuary  | Entered an ossuary
  2404 | Ossuary  | Reached XP level 7. HP: 46/61 MP: 6/6
  2497 | Ossuary  | Reached **** piety under Trog
  2515 | Ossuary  | Reached skill level 5 in Armour
  2656 | Ossuary  | Reached skill level 6 in Fighting
  2872 | D:4      | Reached XP level 8. HP: 61/70 MP: 7/7
  2942 | D:4      | Got an ancient whip
  2943 | D:4      | Identified the +11 whip of Xeukiako {elec, rN+} (You found it on level 4 of the Dungeon)
  3115 | D:4      | Noticed Bergy's ghost (amateur MiFi)
  3122 | D:4      | Killed Bergy's ghost
  3271 | D:4      | Noticed Duvessa
  3271 | D:4      | Noticed Dowan
  3278 | D:4      | Killed Duvessa
  3280 | D:4      | Killed Dowan
  3353 | D:4      | Found a radiant altar of Vehumet.
  3448 | D:5      | Entered Level 5 of the Dungeon
  3450 | D:5      | Noticed Starbugs's ghost (novice DrFi)
  3456 | D:5      | Killed Starbugs's ghost
  3456 | D:5      | Reached skill level 10 in Maces & Flails
  3476 | D:5      | Reached skill level 7 in Fighting
  3486 | D:5      | Found a glowing drain.
  3506 | Sewer    | Entered a sewer
  3756 | D:5      | Found a snail-covered altar of Cheibriados.
  3759 | D:5      | Noticed Edmund
  3776 | D:5      | Killed Edmund
  3776 | D:5      | Reached XP level 9. HP: 68/79 MP: 8/8
  4298 | D:6      | Found a sacrificial altar of Ru.
  4328 | D:6      | Found a runed door.
  4333 | D:6      | Noticed Crazy Yiuf
  4336 | D:6      | Killed Crazy Yiuf
  4407 | D:6      | Reached ***** piety under Trog
  4658 | D:6      | Found a staircase to the Ecumenical Temple.
  4662 | D:6      | Noticed Blork the orc
  4667 | D:6      | Reached skill level 8 in Fighting
  4667 | D:6      | Reached skill level 5 in Dodging
  4687 | D:6      | Reached skill level 1 in Shields
  4696 | D:6      | Killed Blork the orc
  4797 | D:6      | Noticed Pikel
  4812 | D:6      | Killed Pikel
  4914 | D:7      | Reached XP level 10. HP: 90/90 MP: 9/9
  5159 | D:7      | Reached skill level 9 in Fighting
  5261 | D:7      | Found an ancient bone altar of Kikubaaqudgha.
  5261 | D:7      | Found a shimmering altar of Xom.
  5262 | D:7      | Found a stormy altar of Qazlal.
  5577 | D:7      | Reached skill level 5 in Shields
  5588 | D:7      | Received a gift from Trog
  5724 | D:8      | Found a flagged portal.
  5733 | Bailey   | Entered a bailey
  5756 | Bailey   | Noticed an orc knight
  5769 | Bailey   | Killed an orc knight
  6189 | D:8      | Noticed Erica
  6192 | D:8      | Noticed a two-headed ogre
  6198 | D:8      | Noticed a two-headed ogre
  6202 | D:8      | Killed Erica
  6210 | D:8      | Killed a two-headed ogre
  6210 | D:8      | Reached skill level 1 in Throwing
  6273 | D:8      | Killed a two-headed ogre
  6273 | D:8      | Reached XP level 11. HP: 67/99 MP: 10/10
  6653 | D:8      | Got a warped glaive
  6859 | D:8      | Found a staircase to the Lair.
  7046 | D:9      | Received a gift from Trog
  7073 | D:9      | Reached skill level 10 in Shields
  7085 | D:9      | Reached skill level 10 in Fighting
  7240 | D:9      | Noticed a two-headed ogre
  7251 | D:9      | Killed a two-headed ogre
  7437 | D:9      | Found a basalt altar of Yredelemnul.
  7615 | D:10     | Entered Level 10 of the Dungeon
  7615 | D:10     | Found Daer's Jewellery Shop.
  7649 | D:10     | Noticed Nergalle
  7657 | D:10     | Killed Nergalle
  7740 | D:10     | Noticed an unseen horror
  7742 | D:10     | Killed an unseen horror
  7900 | D:10     | Found Xareidaulo's Gadget Emporium.
  8101 | D:10     | Found a staircase to the Orcish Mines.
  8194 | D:10     | Noticed an ogre mage
  8203 | D:10     | Killed an ogre mage
  9871 | D:10     | Found Yxter's Armour Emporium.
  9877 | D:10     | Bought a +0 pair of gloves for 63 gold pieces
 10010 | D:10     | Found Oghoffere's Weapon Shoppe.
 10318 | D:11     | Received a gift from Trog
 10567 | D:11     | Found Ipuups's Antique Weapon Shop.
 10764 | D:11     | Noticed an oklob plant
 11060 | D:12     | Reached XP level 12. HP: 106/108 MP: 11/11
 11100 | D:12     | Noticed Maurice
 11122 | D:12     | Killed Maurice
 11538 | D:12     | Noticed a two-headed ogre
 11544 | D:12     | Killed a two-headed ogre
 11844 | D:12     | Received a gift from Trog
 11910 | D:12     | Reached skill level 11 in Fighting
 12582 | Lair:1   | Entered Level 1 of the Lair of Beasts
 13078 | Lair:1   | Noticed Harold
 13091 | Lair:1   | Killed Harold
 13900 | Lair:2   | Reached skill level 15 in Shields
 14409 | Lair:2   | Reached XP level 13. HP: 117/117 MP: 12/12
 14653 | Lair:2   | Reached skill level 12 in Fighting
 14695 | Lair:2   | Received a gift from Trog
 14696 | Lair:2   | Got a faintly glowing eveningstar {god gift}
 14701 | Lair:2   | Identified the +9 eveningstar "Hutahut" {drain, Str+5} (Trog gifted it to you on level 2 of the Lair of Beasts)
 15021 | Lair:3   | Noticed Prince Ribbit
 15047 | Lair:3   | Reached skill level 10 in Armour
 15051 | Lair:3   | Killed Prince Ribbit
 15120 | Lair:3   | Found a hole to the Spider Nest.
 15523 | Lair:3   | Noticed Sonja
 15528 | Lair:3   | Killed Sonja
 15870 | Lair:4   | Found a staircase to the Swamp.
 15948 | Lair:4   | Identified a scroll of acquirement
 19860 | Lair:5   | Got a twisted ring mail
 19871 | Lair:5   | Identified the +1 ring mail of the Quahog {rElec Dex+6} (You found it on level 5 of the Lair of Beasts)
 20116 | Lair:5   | Received a gift from Trog
 21348 | Lair:6   | Entered Level 6 of the Lair of Beasts
 21362 | Lair:6   | Reached skill level 13 in Fighting
 21677 | Lair:6   | Noticed a fire dragon
 21694 | Lair:6   | Killed a fire dragon
 21891 | Lair:6   | Reached skill level 10 in Dodging
 22091 | Lair:6   | Received a gift from Trog
 22098 | Lair:6   | Reached XP level 14. HP: 129/129 MP: 13/13
 22216 | Lair:6   | Found a runed door.
 22600 | Lair:6   | Received a gift from Trog
 22770 | Lair:6   | Found a staircase to the Slime Pits.
 22797 | Lair:6   | Reached skill level 14 in Fighting
 23430 | Orc:1    | Entered Level 1 of the Orcish Mines
 23525 | Orc:1    | Noticed Fannar
 23545 | Orc:1    | Killed Fannar
 23599 | Orc:1    | Found a frozen archway.
 23614 | Orc:1    | Paralysed by an orc sorcerer for 4 turns
 23618 | IceCv    | Entered an ice cave
 24305 | IceCv    | Received a gift from Trog
 24305 | IceCv    | Reached skill level 15 in Fighting
 24432 | IceCv    | Noticed a frost giant
 24468 | IceCv    | Killed a frost giant
 24550 | IceCv    | Reached ****** piety under Trog
 24944 | Orc:2    | Entered Level 2 of the Orcish Mines
 25040 | Orc:2    | Noticed a stone giant
 25055 | Orc:2    | Killed a stone giant
 25361 | Orc:2    | Found Geppess's Antique Armour Shoppe.
 25398 | Orc:2    | Bought a smelly plate armour for 644 gold pieces
 25410 | Orc:2    | Found Paustrac's Distillery.
 25431 | Orc:2    | Identified the +5 plate armour of the Komodo Dragon {rPois Dex+2} (You bought it in a shop on level 2 of the Orcish Mines)
 25474 | Orc:2    | Found a radiant altar of Vehumet.
 25551 | Orc:2    | Found an ancient bone altar of Kikubaaqudgha.
 25650 | Orc:2    | Found a roughly hewn altar of Beogh.
 25650 | Orc:2    | Found Valluurph's Magic Scroll Shoppe.
 25688 | Orc:2    | Found Urushum's Gadget Shoppe.
 25831 | Orc:2    | Found a burning altar of Makhleb.
 26083 | Orc:2    | Found a staircase to the Elven Halls.
 26310 | D:13     | Noticed Rupert
 26325 | D:12     | Killed Rupert
 26325 | D:12     | Reached skill level 16 in Fighting
 26325 | D:12     | Reached XP level 15. HP: 91/144 MP: 14/14
 26490 | D:13     | Received a gift from Trog
 26520 | D:13     | Found Piakoar's Gadget Boutique.
 26521 | D:13     | Noticed lis82's ghost (journeyman DgWz)
 26645 | D:13     | Reached skill level 15 in Armour
 26667 | D:13     | Found Moshap's Antique Armour Shoppe.
 26677 | D:13     | Bought a pair of runed gloves for 247 gold pieces
 26714 | D:13     | Found Ufapnuz's Armour Shop.
 26722 | D:13     | Bought the +7 plate armour of Gestures {-Cast rC+ Str+5 Dex+4} for 1342 gold pieces
 26781 | D:13     | Killed lis82's ghost
 26895 | D:13     | Found Tuleluz's Armour Shop.
 26907 | D:13     | Received a gift from Trog
 27524 | D:14     | Received a gift from Trog
 27568 | D:14     | Found a snail-covered altar of Cheibriados.
 27850 | D:14     | Found a gate to the Vaults.
 28235 | D:15     | Entered Level 15 of the Dungeon
 28689 | D:15     | Noticed lis82's ghost (journeyman DgWz)
 28707 | D:15     | Paralysed by a wizard for 2 turns
 28720 | D:15     | Killed lis82's ghost
 28720 | D:15     | Reached skill level 17 in Fighting
 29034 | D:15     | Found a staircase to the Depths.
 29438 | D:15     | Received a gift from Trog
 29439 | D:15     | Got a slimy flail {god gift}
 29440 | D:15     | Identified the +8 flail of the Salmon {elec, MR++} (Trog gifted it to you on level 15 of the Dungeon)
 29957 | Spider:1 | Entered Level 1 of the Spider Nest
 29957 | Spider:1 | Noticed Asterion
 30077 | Spider:1 | Noticed an Executioner
 30097 | Lair:3   | Killed Asterion
 30641 | Spider:1 | Reached skill level 18 in Fighting
 30643 | Spider:1 | Reached XP level 16. HP: 152/157 MP: 15/15
 31061 | Spider:1 | You fall through a shaft!
 31062 | Spider:2 | Noticed Arachne
 31076 | Spider:2 | Killed Arachne
 31723 | Spider:2 | Noticed Azrael
 31807 | Spider:1 | Received a gift from Trog
 31850 | Spider:2 | Killed Azrael
 31907 | Spider:2 | Noticed Torako's ghost (adept GrMo)
 31957 | Spider:2 | Killed Torako's ghost
 32131 | Spider:2 | Noticed Agnes
 32141 | Spider:2 | Killed Agnes
 32310 | Spider:2 | Noticed Kirke
 32321 | Spider:2 | Killed Kirke
 32756 | Spider:3 | Reached skill level 15 in Maces & Flails
 33436 | Spider:4 | Entered Level 4 of the Spider Nest
 33623 | Spider:4 | Received a gift from Trog
 33687 | Spider:4 | Reached skill level 19 in Fighting
 33950 | Spider:4 | Reached XP level 17. HP: 168/168 MP: 16/16
 34139 | Spider:4 | Noticed Bai Suzhen
 34216 | Spider:3 | Killed Bai Suzhen
 35556 | Spider:4 | Got a gossamer rune of Zot
 35980 | Spider:4 | Received a gift from Trog
 36313 | D:10     | Bought an uncursed ring of resist corrosion for 240 gold pieces
 36444 | Elf:1    | Entered Level 1 of the Elven Halls
 36495 | Elf:1    | Reached skill level 20 in Fighting
 36546 | Elf:1    | Found Yrphee's Jewellery Shoppe.
 36586 | Elf:1    | Found a magical portal.
 36603 | WizLab   | Entered The Roulette of Golubria
 36603 | WizLab   | Found a transporter.
 36614 | WizLab   | Found a corrupted altar of Lugonu.
 36628 | WizLab   | Found a transporter.
 36628 | WizLab   | Found a transporter.
 36935 | WizLab   | Found a transporter.
 36946 | WizLab   | Found a transporter.
 37032 | WizLab   | Found a transporter.
 37084 | WizLab   | Found a corrupted altar of Lugonu.
 37088 | WizLab   | Found a transporter.
 37096 | WizLab   | Found a transporter.
 37135 | WizLab   | Found a transporter.
 37142 | WizLab   | Found a transporter.
 37164 | WizLab   | Found a transporter.
 37227 | WizLab   | Found a corrupted altar of Lugonu.
 37227 | WizLab   | Found a transporter.
 37360 | WizLab   | Found a transporter.
 37360 | WizLab   | Found a transporter.
 37409 | WizLab   | Found a transporter.
 37514 | WizLab   | Found a transporter.
 37543 | WizLab   | Found the +1 cloak of Starlight {rElec rC+ EV+4 Stlth--}
 37552 | WizLab   | Found a transporter.
 37977 | WizLab   | Found a transporter.
 37977 | WizLab   | Found a transporter.
 38034 | WizLab   | Found a transporter.
 38283 | Elf:1    | Found Zity's Distillery.
 38294 | Elf:1    | Received a gift from Trog
 38388 | Elf:1    | Reached XP level 18. HP: 180/180 MP: 17/17
 38518 | Elf:1    | Received a gift from Trog
 38529 | Elf:1    | Found Wufed's General Store.
 38589 | Elf:1    | Found Hutuock's Armour Shop.
 38637 | Elf:1    | Found Doroh's Jewellery Boutique.
 38638 | Elf:1    | Found Ziunug's Gadget Emporium.
 38639 | Elf:1    | Found Akyo's Jewellery Boutique.
 38650 | Elf:1    | Bought a +5 ring of evasion for 1100 gold pieces
 38897 | Elf:1    | Reached skill level 21 in Fighting
 39518 | Elf:2    | Received a gift from Trog
 39750 | Elf:2    | Noticed Roxanne
 39773 | Elf:2    | Killed Roxanne
 39784 | Elf:2    | Received a gift from Trog
 39914 | Elf:2    | Found a runed gate.
 39914 | Elf:2    | Found a runed gate.
 39914 | Elf:2    | Found a runed gate.
 40050 | Elf:2    | Reached skill level 22 in Fighting
 40567 | Elf:3    | Entered Level 3 of the Elven Halls
 40684 | Elf:3    | Received a gift from Trog
 41131 | Elf:3    | Noticed an Ice Fiend
 41183 | Elf:3    | Noticed an Ice Fiend
 41190 | Elf:3    | Reached XP level 19. HP: 78/193 MP: 18/18
 41334 | Elf:3    | Reached skill level 23 in Fighting
 41760 | Elf:3    | HP: 9/195 [deep elf death mage/bolt of negative energy (47)]
 42717 | Elf:3    | Received a gift from Trog
 42843 | Elf:3    | Found the +9 scales of the Dragon King {rPois rF+ rC+ MR+}
 43036 | Elf:3    | Got a wavering jade ring
 43042 | Elf:3    | Got a shimmering turquoise ring
 43374 | Elf:3    | Noticed a Tzitzimitl
 43378 | Elf:3    | Noticed a Brimstone Fiend
 43671 | Elf:3    | Identified the ring "Ittoagyu" {*Contam +Blink rPois Int+8 SInv} (You took it off a deep elf demonologist on level 3 of the Elven Halls)
 43678 | Elf:3    | Identified the ring of Insomnia {rF+ rC+ SInv} (You took it off a deep elf death mage on level 3 of the Elven Halls)
 43711 | Elf:2    | Gained mutation: Your body sometimes deteriorates upon taking damage. [mutagenic glow]
 43985 | Swamp:1  | Entered Level 1 of the Swamp
 44028 | Swamp:1  | Received a gift from Trog
 44126 | Swamp:1  | Reached skill level 24 in Fighting
 45688 | Swamp:3  | Received a gift from Trog
 45997 | Swamp:4  | Entered Level 4 of the Swamp
 45997 | Swamp:4  | Noticed Mara
 46152 | Swamp:4  | Noticed imnir's illusion
 46224 | Swamp:3  | Noticed imnir's illusion
 46224 | Swamp:3  | Killed Mara
 46364 | Swamp:4  | Noticed Nikola
 46384 | Swamp:4  | Killed Nikola
 46384 | Swamp:4  | Reached XP level 20. HP: 188/208 MP: 19/19
 46397 | Swamp:4  | Got a pair of warped gloves
 46399 | Swamp:4  | Identified the cursed +0 pair of gloves of Qazezin {rElec rC+ Str+3} (You took it off Nikola on level 4 of the Swamp)
 46542 | Swamp:4  | Reached skill level 25 in Fighting
 46637 | Swamp:4  | Got a decaying rune of Zot
 47113 | Slime:1  | Entered Level 1 of the Pits of Slime
 47143 | Slime:1  | Gained mutation: You are weak. (Str -2) [a shining eye]
 48634 | Elf:1    | Bought an uncursed ring of resist corrosion for 360 gold pieces
 48984 | Slime:1  | Gained mutation: You have a pair of large horns on your head. [a shining eye]
 48986 | Slime:1  | Gained mutation: Your body often deteriorates upon taking damage. [a shining eye]
 49646 | Slime:2  | Received a gift from Trog
 50358 | Slime:3  | Gained mutation: Your magical capacity is low. (-10% MP) [a shining eye]
 50380 | Slime:3  | Gained mutation: You occasionally shout uncontrollably at your foes. [a shining eye]
 50383 | Slime:3  | Gained mutation: Scrolls take you a little longer to read. [a shining eye]
 50389 | Slime:3  | Gained mutation: You are clumsy. (Dex -2) [a shining eye]
 50707 | Slime:3  | Gained mutation: Your magical capacity is very low. (-20% MP) [a shining eye]
 50809 | Slime:3  | Gained mutation: You are very clumsy. (Dex -4) [a shining eye]
 52427 | Slime:5  | Entered Level 5 of the Pits of Slime
 52621 | Slime:5  | Reached skill level 26 in Fighting
 52890 | Slime:5  | Reached XP level 21. HP: 180/221 MP: 15/15
 53001 | Slime:5  | Received a gift from Trog
 53196 | Slime:5  | Noticed the Royal Jelly
 54075 | Slime:4  | HP: 9/221 [acid[the Royal Jelly] (7)]
 54084 | Slime:4  | HP: 6/221 [azure jelly[the Royal Jelly] (8)]
 54814 | Slime:4  | HP: 10/221 [azure jelly[the Royal Jelly] (5)]
 54814 | Slime:4  | HP: 3/221 [azure jelly[the Royal Jelly] (7)]
 55533 | Slime:5  | Killed the Royal Jelly
 55546 | Slime:4  | HP: 5/218 [death ooze[the Royal Jelly] (7)]
 55554 | Slime:4  | HP: 3/222 [death ooze[the Royal Jelly] (16)]
 55554 | Slime:4  | Splashed by an acid blob's acid

Skill      XL: |  1  2  3  4  5  6  7  8  9 10 11 12 13 14 15 16 17 18 19 20 |
---------------+-------------------------------------------------------------+-----
Maces & Flails | 4 5 6 7 8 10 11 12 15 16 | 16.2
Fighting       | 4 5 6 7 8 9 10 11 13 16 18 19 20 22 24 26 | 26.3
Dodging        | 3 4 5 6 7 8 10 11 12 13 | 13.8
Armour         | 4 5 6 7 8 9 12 14 16 17 18 19 21 22 | 22.4
Shields        | 3 9 12 15 | 15.0
Throwing       | 1 2 3 |  3.0

Action                   |  1- 3 |  4- 6 |  7- 9 | 10-12 | 13-15 | 16-18 | 19-21 || total
-------------------------+-------+-------+-------+-------+-------+-------+-------++-------
Melee: Mace              |    66 |   164 |    75 |       |       |       |       ||   305
       Headbutt          |    13 |    35 |    45 |   132 |   415 |   510 |   471 ||  1621
       Whip              |       |       |   183 |   718 |  1382 |       |       ||  2283
       Flail             |       |       |       |       |    91 |  1496 |  1454 ||  3041
Throw: Tomahawk          |       |       |       |    31 |       |       |       ||    31
Invok: Berserk           |       |     1 |     3 |     2 |       |     4 |     7 ||    17
       Trog's Hand       |       |       |     2 |     6 |    12 |    22 |    21 ||    63
       Burn Spellbooks   |       |       |       |       |     3 |     2 |     4 ||     9
       Brothers in Arms  |       |       |       |       |     1 |       |     6 ||     7
  Use: Scroll            |     4 |     3 |     3 |     2 |    18 |     4 |    14 ||    48
       Potion            |       |       |     4 |    10 |     5 |     4 |    20 ||    43
 Stab: Confused          |       |       |       |       |     1 |       |       ||     1
       Distracted        |       |       |       |       |       |       |     1 ||     1
  Eat: Chunk             |       |     5 |     2 |    21 |    45 |    46 |    28 ||   147
       Ration            |       |       |     4 |     4 |     8 |       |     9 ||    25
Armor: Animal skin       |     9 |       |       |       |       |       |       ||     9
       Ring mail         |     2 |    43 |    59 |   102 |     2 |       |       ||   208
       Chain mail        |       |       |       |       |   176 |       |       ||   176
       Plate armour      |       |       |       |       |   149 |   502 |    38 ||   689
       Gold dragon scale |       |       |       |       |       |       |   807 ||   807
       Acid dragon scale |       |       |       |       |       |       |     1 ||     1
Dodge: Dodged            |    39 |    82 |   102 |   316 |   435 |   893 |  1191 ||  3058
Block: Shield            |       |       |    24 |   378 |   739 |  1383 |  1352 ||  3876
